 Dungeon Crawl Stone Soup version 0.31.0-32-g396128a36d (webtiles) character file.

Game seed: 17147929664695229504

203 H0rd4k the Insei (level 5, -3/34 HPs)
             Began as an Octopode Artificer on Mar 13, 2024.
             Slain by an orc
             ... wielding a +0 hand axe
              (5 damage)
             ... on level 3 of the Dungeon on Mar 14, 2024.
             The game lasted 00:02:58 (1973 turns).

H0rd4k the Insei (Octopode Artificer)               Turns: 1973, Time: 00:02:58

Health: -3/34      AC:  1    Str: 11    XL:     5   Next: 81%
Magic:  5/5        EV: 13    Int: 16    God:
Gold:   113        SH:  0    Dex: 12    Spells: 4/4 levels left

rFire   . .          .
                       - Unarmed
rCold   . . .        (no shield)
rNeg    . . .        (helmet restricted)
rPois   .            (no amulet)
rElec   .            (no ring)
rCorr   .            (no ring)
SInv    .            (no ring)
Will    .....        (no ring)
Stlth   +++          (no ring)
HPRegen 0.25/turn    (no ring)
MPRegen 0.09/turn    (no ring)
                     (no ring)

%: no passive effects
@: no status effects
A: almost no armour, amphibious, 8 rings, camouflage 1, gelatinous body 1,
(nimble swimmer 1), tentacles
a: no special abilities


You were on level 3 of the Dungeon.
You visited 1 branch of the dungeon, and saw 3 of its levels.

You collected 113 gold pieces.

Inventory:

Jewellery
 p - a ring of magical power
Wands
 b - a wand of flame (30) (quivered)
 c - a wand of charming (11)
 d - a wand of iceblast (3)
Scrolls
 e - 2 scrolls of noise {unknown}
 g - a scroll of torment {unknown}
 l - 2 scrolls of teleportation {unknown}
 m - 2 scrolls of immolation {unknown}
 n - a scroll of revelation {unknown}
 q - a scroll of fog {unknown}
Potions
 a - a potion of lignification {unknown}
 f - a potion of ambrosia {unknown}
 h - a potion of degeneration {unknown}
 i - a potion of haste {unknown}
 j - a potion of brilliance {unknown}
 k - 2 potions of attraction {unknown}
 o - a potion of curing {unknown}


   Skills:
 + Level 2.3 Fighting
 - Level 2.3 Dodging
 - Level 1.3 Stealth
 + Level 4.8 Unarmed Combat
 - Level 3.2 Evocations


You had 4 spell levels left.
You didn't know any spells.
Your spell library contained the following spells:

 Spells                   Type           Power      Damage    Failure   Level
 Sandblast                Erth           0%         2d4       26%         1
 Fugue of the Fallen      Necr           0%         N/A       58%         3
 Ozocubu's Armour         Ice            0%         N/A       58%         3
 Passwall                 Erth           0%         N/A       58%         3
 Stone Arrow              Conj/Erth      0%         3d7       58%         3
 Brom's Barrelling Bould  Conj/Erth      0%         2d3       94%         4
 Manifold Assault         Tloc           0%         N/A       94%         4


Dungeon Overview and Level Annotations

Branches:
Dungeon (3/15)

Altars:

Shops:
D:3 *

Annotations:
D:3 Ijyb


Innate Abilities, Weirdness & Mutations

You cannot wear most types of armour.
You are amphibious.
You can wear up to eight rings at the same time.
Your skin changes colour to match your surroundings (Stealth+).
Your rubbery body absorbs attacks. (AC +1, EV +1)
((You are camouflaged when in or above water. (Stealth+)))
You have tentacles for arms and can constrict up to eight enemies at once.


Message History

You squeeze the quokka.
You kill the quokka!
Ijyb zaps a wand.
You resist with some effort.
You see here a quokka corpse. 2 orcs come into view.
An orc is wielding a +1 war axe of electrocution.
The orc shouts!
You hear a shout!
The orc throws a stone.
The stone misses you.
Aiming: Charm
Press: ? - help, Shift-Dir - straight line, f - orc
Aim: an orc, wielding a +0 mace and quivering boomerangs (chance to affect: 73%)
The orc is charmed.
Unknown command.
Okay, then.
You swap places.
An orc priest comes into view. It is wielding a +0 hand axe.
The orc barely misses you.
Ijyb zaps a wand.
The orc is no longer charmed.
The orc hits you with a +1 war axe of electrocution!
The orc misses you.
A hobgoblin comes into view. It is quivering poisoned darts.
Aiming: Charm
Press: ? - help, Shift-Dir - straight line, f/p - orc
Aim: an orc, wielding a +0 mace and quivering boomerangs (chance to affect: 73%)
The orc struggles to resist.
Unknown command.
Aiming: Charm
Press: ? - help, Shift-Dir - straight line, f - orc
Aim: an orc, wielding a +1 war axe of electrocution, wearing a +0 chain mail and quivering stones (chance to affect: 73%)
The orc struggles to resist.
The orc hits you with a +1 war axe of electrocution.
You are electrocuted!
* * * LOW HITPOINT WARNING * * *
Aiming: Charm
Press: ? - help, Shift-Dir - straight line, f/p - orc
Aim: an orc, wielding a +1 war axe of electrocution, wearing a +0 chain mail and quivering stones (chance to affect: 73%)
The orc is charmed.
The orc priest shouts!
You hear a shout!
The orc hits you with a +0 hand axe.
You die...

##>........## #......
##...#...#####.#..####.
###########..####...........
......................#
....#######......#g.#†# ##
.†......#....#####g##.# #..
..#####...##..# #.##g# ...
.....#.....#..####.##†# ..#
#....#.###......@#.##g###.#
#......######...ooo##o#...
...##...## ##.#.....)#.# ..
#..##....#####.##..#.)..#>...
. ##
###......#.##..o..$........
###.........g##.####.....
##...........o...†......
#..#...........o##......
#.#..<#.......#..# .....


You could see an orc priest, 2 orcs, a hobgoblin and a friendly orc (charmed).

Vanquished Creatures
  Natasha (thrice) (D:2)
  Robin (D:2)
  2 adders (D:2)
  5 dart slugs
  7 bats
  5 endoplasms
  3 giant cockroaches
  15 goblins
  14 hobgoblins
  3 jackals (D:3)
  4 quokkas
  2 ball pythons
  6 frilled lizards
  8 kobolds
  8 rats
86 creatures vanquished.

Notes
Turn   | Place    | Note
-------+----------+-------------------------------------------
     0 | D:1      | H0rd4k the Octopode Artificer began the quest for the Orb.
     0 | D:1      | Reached XP level 1. HP: 13/13 MP: 1/1
   129 | D:1      | Reached skill level 1 in Unarmed Combat
   151 | D:1      | Reached XP level 2. HP: 18/18 MP: 2/2
   443 | D:1      | Reached skill level 2 in Unarmed Combat
   471 | D:1      | Reached XP level 3. HP: 23/23 MP: 3/3
  1143 | D:2      | Noticed Robin
  1189 | D:2      | Killed Robin
  1190 | D:2      | Reached skill level 3 in Unarmed Combat
  1190 | D:2      | Reached XP level 4. HP: 14/29 MP: 4/4
  1611 | D:2      | Noticed Natasha
  1623 | D:2      | Killed Natasha
  1624 | D:2      | Reached skill level 4 in Unarmed Combat
  1624 | D:2      | Reached XP level 5. HP: 16/34 MP: 5/5
  1653 | D:2      | Noticed Natasha
  1655 | D:2      | Killed Natasha
  1680 | D:2      | Noticed Natasha
  1684 | D:2      | Killed Natasha
  1849 | D:3      | Found Cisaaced's Assorted Antiques.
  1943 | D:3      | Noticed Ijyb
  1973 | D:3      | Slain by an orc

Illustrated notes

Levels and vault maps discovered:
D:1:      dpeg_arrival_connections, layout_loops_cross, serial_forest,
          infiniplex_forest_pool, infiniplex_forest_straight_3,
          infiniplex_forest_clump_medium, infiniplex_forest_lined_1,
          infiniplex_forest_zigzag_1, infiniplex_forest_straight_4,
          infiniplex_forest_straight_5, chequers_serial_rivers_micro_d,
          minmay_tetromino_i2
D:2:      layout_rooms, kennysheep_generic_room_8, uniq_robin, uniq_natasha
D:3:      layout_rooms, gammafunk_ghost_grave, serial_shops,
          nicolae_shop_crystal, nicolae_goblin_pals

Skill      XL: |  1  2  3  4 |
---------------+-------------+-----
Unarmed Combat | 1 2 3 4 |  4.8
Fighting       | 2 |  2.3
Dodging        | |  2.3
Stealth        | |  1.3
Evocations     | |  3.2

Action                     |  1- 3 |  4- 6 || total
---------------------------+-------+-------++-------
  Melee: Unarmed           |    92 |    77 ||   169
         Constrict         |    23 |    22 ||    45
         Tentacles         |    20 |    13 ||    33
         Punch             |     4 |     3 ||     7
  Evoke: Wand              |     1 |    11 ||    12
   Stab: Sleeping          |    15 |     3 ||    18
         Distracted        |       |     1 ||     1
 Armour: Skin              |    37 |    37 ||    74
  Dodge: Dodged            |    36 |    60 ||    96
